cohdb
Replays
Latest Replays
All Replays
Popular Replays
Top Player Replays
Match Explorer
How It Works
Community
CoH3 Stats
Reddit
Sign in to upload your games and track your stats! →
Sign in with Steam
Match 41514954
Unlisted
Match 41514954
Overview
Messages
Build Orders
End
Panzergrenadier Squad
Selects Italian Infantry
250 Light Carrier
Panzergrenadier Squad
Construct Light Support Kompanie
Combat Half-tracks
2.5-tonne Medical Truck
Fire Support Elements
Veteran Squad Leaders
Selects Guastatori Squad
Guastatori Squad
Construct Panzerarmee Kommand
Vehicle Survival Package
Selects L6/40 Light Tank Combat Group
Selects Defensive Operations
Pak 38 Mechanized Group
Emergency Repair Kits
Guastatori Squad
Rapid Advance
Selects Prepared Positions
Pak 38 Mechanized Group
Walking Stuka Rocket Launcher
我真的不是驴
THE one-冰封夕阳
Tirant
majintal excumuration
CptLink( jimmy)
ShoulderGuy
Pinhead Larry
MathiasCZR01
0
0
Comments
sign in to comment!
No comments posted yet!